 Dungeon Crawl Stone Soup version 0.29-a0-885-gb26ba3297d (webtiles) character file.

Game seed: 17620488791708793630

5994 Dirian the Skirmisher (level 10, -3/93 HPs)
             Began as a Minotaur Fighter on July 20, 2022.
             Was a High Priest of Okawaru.
             Slain by a vampire (7 damage)
             ... on level 9 of the Dungeon.
             The game lasted 00:19:27 (12396 turns).

Dirian the Skirmisher (Minotaur Fighter)           Turns: 12396, Time: 00:19:27

Health: -3/93      AC: 15    Str: 22    XL:     10   Next: 55%
Magic:  8/10       EV:  9    Int:  5    God:    Okawaru [*****.]
Gold:   399        SH: 16    Dex: 13    Spells: 9/9 levels left

rFire   . . .      SeeInvis .   a - +0 scimitar
rCold   . . .      Faith    .   r - +0 kite shield
rNeg    . . .      Spirit   .   q - +1 chain mail
rPois   +          Reflect  +   (helmet restricted)
rElec   .          Harm     .   e - +0 cloak
rCorr   .          Rampage  .   (no gloves)
Will    .....                   w - +0 pair of boots
Stlth   ..........              g - amulet of reflection
HPRegen 0.25/turn               u - ring of poison resistance
MPRegen 0.12/turn               (no ring)

@: heroic, flying
A: horns 2, retaliatory headbutt
a: Renounce Religion, Heroism, Finesse, Duel


You were on level 9 of the Dungeon.
You worshipped Okawaru.
Okawaru was extremely pleased with you.
You visited 2 branches of the dungeon, and saw 10 of its levels.
You also visited: Sewer.

You collected 399 gold pieces.

Inventory:

Hand Weapons
 a - a +0 scimitar (weapon)
 b - a +1 sling
Armour
 e - a +0 cloak (worn)
 q - a +1 chain mail (worn)
 r - a +0 kite shield (worn)
 w - a +0 pair of boots (worn)
Jewellery
 c - a ring of see invisible
 g - an amulet of reflection (around neck)
 u - a ring of poison resistance (left hand)
Wands
 m - a wand of paralysis (7)
 v - a wand of flame (13)
Scrolls
 k - a scroll of vulnerability
 t - 2 scrolls of teleportation
 y - 3 scrolls of enchant weapon
 z - 2 scrolls of blinking
 A - 3 scrolls of enchant armour
 B - a scroll of immolation
Potions
 d - a potion of might
 f - 2 potions of magic
 h - 4 potions of haste
 i - 4 potions of ambrosia
 j - a potion of invisibility {unknown}
 l - a potion of degeneration {unknown}
 n - 4 potions of resistance
 o - 2 potions of mutation {unknown}
 p - 3 potions of cancellation
 s - 2 potions of flight
 x - a potion of berserk rage {unknown}
 C - 2 potions of brilliance {unknown}
 D - 6 potions of heal wounds {unknown}
 E - 3 potions of curing {unknown}


   Skills:
 + Level 10.3(15.3) Fighting
 * Level 6.5(11.5) Long Blades
 + Level 12.6(17.6) Ranged Weapons
 + Level 5.4(10.4) Armour
 - Level 1.0(6.0) Dodging
 + Level 5.4(10.4) Shields
 * Level 2.0 Invocations


You had 9 spell levels left.
You didn't know any spells.
Your spell library contained the following spells:

 Spells                   Type           Power      Damage    Failure   Level
 Beastly Appendage        Tmut           0%         N/A       100%        1
 Foxfire                  Conj/Fire      0%         2x1d4     100%        1
 Freeze                   Ice            0%         1d3       100%        1
 Magic Dart               Conj           0%         1d3       100%        1
 Wereblood                Tmut           0%         N/A       100%        2
 Conjure Flame            Conj/Fire      0%         6-21      100%        3
 Frozen Ramparts          Ice            0%         1d2       100%        3
 Inner Flame              Hex/Fire       0%         N/A       100%        3
 Mephitic Cloud           Conj/Pois/Air  0%         N/A       100%        3
 Spider Form              Tmut/Pois      0%         N/A       100%        3
 Flame Wave               Conj/Fire      0%         2d4       100%        4
 Hailstorm                Conj/Ice       0%         3d3       100%        4
 Call Imp                 Summ           Unusable   N/A       N/A         2

Dungeon Overview and Level Annotations

Branches:
Dungeon (9/15) Zot: 25519  Temple (1/1) D:4 Zot: 5717   Sewer (visited)
   Lair: D:8-11         Orc: D:9-12

Altars:
Ashenzari
Cheibriados
Dithmenos
Elyvilon
Fedhas
Gozag
Hepliaklqana
Kikubaaqudgha
Makhleb
Okawaru
Qazlal
Ru
Sif Muna
Trog
Uskayaw
Vehumet
Wu Jian
Xom
Yredelemnul
Zin
The Shining One


Innate Abilities, Weirdness & Mutations

You have a pair of horns on your head.
You reflexively headbutt those who attack you in melee.


Message History

You miss something. Your headbutt misses something.
Something hits you but does no damage. Something bites you!
Something draws strength from your injuries!
You miss something. Your headbutt misses something.
Something hits you but does no damage. Something bites you.
Something draws strength from your injuries!
Something hits you but does no damage. Something bites you.
Something draws strength from your injuries!
You barely miss something. You block something's attack. Something bites you.
Something draws strength from your injuries!
You closely miss something. You headbutt something!
Something hits you but does no damage. You block something's attack.
You miss something. Something hits you but does no damage. Something bites you.
Something draws strength from your injuries!
You closely miss something. You headbutt something!
Something draws life force from you!
The yak snorts and paws the ground.
Something hits you but does no damage. Something bites you!
Something draws strength from your injuries!
You miss something. Something hits you.
* * * LOW HITPOINT WARNING * * *
You block something's attack.
You hit something. Your headbutt misses something. Something hits you.
* * * LOW HITPOINT WARNING * * *
Something bites you but does no damage.
You gain the combat prowess of a mighty hero.
Something hits you.
* * * LOW HITPOINT WARNING * * *
Something bites you.
* * * LOW HITPOINT WARNING * * *
Something draws strength from your injuries!
The yak snorts and paws the ground.
You hit something. Something hits you but does no damage.
Something completely misses you.
You slash something! Something draws life force from you!
* * * LOW HITPOINT WARNING * * *
It was a potion of flight.
You feel very buoyant.
You fly up into the air.
Something hits you!
You die...

#.# #.# #.# #.######### #.# #.#
#.# #.# ## #.# #.# #.# #.# #. #.
#.# #.# #.# #.# #. #.##.# #.# #.#
#.# #. ###.##.##.###.####.###.#
#. ....)...................#####
#. .
##..#.#.###########.....[.####.
#..#.#.# ##.@{..##..........[
#..#.#.# #..###.$#...##.#.##)
#.#...## #.8#Y# ##..##.#.#..
##.#.##.######'##Y##+##..##.#..#.
..##.#.#....#...+Y#..8#..........
####[.###.###8..#Y#[).'.###....#.
.....## ##..##'##Y##'##.# ##..#..
####..###.####.8#$#8)##.####..##.
####.#.#.## #..###).##..........


You could see 5 yaks.

Vanquished Creatures
  Pikel (D:4)
  An ugly thing (D:9)
  Psyche (D:8)
  A meliai (D:9)
  A hornet (D:7)
  Prince Ribbit (D:8)
  A slime creature (D:9)
  2 wyverns (D:9)
  A wraith (D:9)
  A steam dragon (D:6)
  2 orc warriors
  Duvessa (D:4)
  2 ice beasts
  3 centaurs
  3 ogres
  2 phantoms
  3 kobold brigands
  5 bullfrogs
  3 gnoll sergeants
  2 necrophages (D:6)
  4 scorpions
  6 wights
  Dowan (D:4)
  A howler monkey (D:7)
  3 orc priests
  6 hounds
  A jelly (D:7)
  3 iguanas
  Terence (D:2)
  9 orc wizards
  11 gnolls
  4 river rats
  8 adders
  A shadow imp (D:7)
  An ufetubus (D:5)
  3 worms
  3 dart slugs
  44 orcs
  7 bats
  6 endoplasms
  3 giant cockroaches
  7 goblins
  8 hobgoblins
  28 kobolds
  6 quokkas
  9 ball pythons
  2 frilled lizards
  23 rats
246 creatures vanquished.

Vanquished Creatures (others)
  A kobold (D:7)
1 creature vanquished.

Grand Total: 247 creatures vanquished

Notes
Turn   | Place    | Note
-------+----------+-------------------------------------------
     0 | D:1      | Dirian the Minotaur Fighter began the quest for the Orb.
     0 | D:1      | Reached XP level 1. HP: 19/19 MP: 0/0
    22 | D:1      | Reached XP level 2. HP: 27/27 MP: 1/1
   422 | D:1      | Reached XP level 3. HP: 33/33 MP: 2/2
   481 | D:1      | Reached skill level 1 in Ranged Weapons
   937 | D:2      | Noticed a phantom
   952 | D:2      | Killed a phantom
   953 | D:2      | Reached skill level 3 in Ranged Weapons
   953 | D:2      | Reached XP level 4. HP: 32/40 MP: 3/3
  1287 | D:2      | Noticed Terence
  1298 | D:2      | Killed Terence
  1299 | D:2      | Reached XP level 5. HP: 27/47 MP: 4/4
  1600 | D:3      | Reached skill level 4 in Ranged Weapons
  2493 | D:4      | Noticed Duvessa
  2493 | D:4      | Noticed Dowan
  2501 | D:4      | Killed Dowan
  2511 | D:4      | Killed Duvessa
  2512 | D:4      | Reached skill level 1 in Dodging
  2512 | D:4      | Reached XP level 6. HP: 17/53 MP: 5/5
  2635 | D:4      | Found a staircase to the Ecumenical Temple.
  2726 | D:4      | Reached skill level 5 in Armour
  2765 | D:4      | Identified the +6 quarterstaff "Isocid" {spect, rElec rF-
                  | Str+8}
  2831 | D:4      | Found a glowing drain.
  2835 | Sewer    | Entered a sewer
  3184 | Sewer    | Reached skill level 5 in Ranged Weapons
  3393 | Sewer    | Reached skill level 5 in Shields
  3622 | Sewer    | Reached XP level 7. HP: 47/60 MP: 6/6
  3853 | D:4      | Reached skill level 5 in Fighting
  3876 | Temple   | Entered the Ecumenical Temple
  4024 | Temple   | Became a worshipper of Warmaster Okawaru
  4198 | D:4      | Noticed Pikel
  4222 | D:4      | Killed Pikel
  4222 | D:4      | Reached * piety under Okawaru
  4223 | D:4      | Reached skill level 7 in Ranged Weapons
  4223 | D:4      | Reached XP level 8. HP: 33/70 MP: 7/7
  5031 | D:5      | Entered Level 5 of the Dungeon
  5342 | D:5      | Reached skill level 8 in Ranged Weapons
  6467 | D:5      | Found an opulent altar of Gozag.
  6476 | D:5      | Reached ** piety under Okawaru
  6477 | D:5      | Reached skill level 9 in Ranged Weapons
  6512 | D:5      | Found a white marble altar of Elyvilon.
  6613 | D:6      | Reached skill level 5 in Long Blades
  6848 | D:6      | Reached XP level 9. HP: 72/79 MP: 8/8
  7222 | D:6      | Reached skill level 10 in Ranged Weapons
  7715 | D:7      | Reached *** piety under Okawaru
  7794 | D:7      | You fall into a shaft and drop 1 floor!
  9014 | D:7      | Reached skill level 11 in Ranged Weapons
  9088 | D:7      | Found a stormy altar of Qazlal.
  9103 | D:7      | Paralysed by a hornet for 1 turns
 10263 | D:8      | Reached **** piety under Okawaru
 10285 | D:8      | Noticed Prince Ribbit
 10302 | D:8      | Killed Prince Ribbit
 10303 | D:8      | Reached XP level 10. HP: 67/91 MP: 9/9
 10673 | D:8      | Noticed Psyche
 10688 | D:8      | Killed Psyche
 10689 | D:8      | Reached skill level 12 in Ranged Weapons
 11763 | D:9      | Identified the +0 scale mail "Ruar" {rElec rF++ Str-3
                  | Stlth-}
 11789 | D:9      | Reached skill level 10 in Fighting
 11940 | D:9      | Found a sacrificial altar of Ru.
 11998 | D:9      | Reached skill level 1 in Invocations
 12355 | D:9      | Noticed a purple ugly thing
 12364 | D:9      | Killed a purple ugly thing
 12373 | D:9      | Reached ***** piety under Okawaru
 12395 | D:9      | HP: 4/93 [something (13)]
 12396 | D:9      | Slain by a vampire

Illustrated notes

Levels and vault maps discovered:
D:1:      dpeg_arrival_solitude, layout_basic, serial_bayou_pond_d
D:2:      layout_rooms, dk_noncrumbling_4, minmay_hedge_maze,
          small_statue_intersection, uniq_terence
D:3:      layout_basic
D:4:      layout_basic, minmay_temple_entry_tees, gup_sewer_entry_bowl,
          minmay_misc_feat_four_crosses, uniq_duvessa, uniq_pikel
D:5:      layout_basic, mainiacjoe_overflow_two_lobes
D:6:      layout_loops_ring
D:7:      layout_basic, lemuel_doored_altar, hangedman_decor_points
D:8:      layout_basic, serial_glass, glass_columns_a, glass_columns_a,
          feat_on_display, item_on_display_a, minmay_stone_trees_small,
          uniq_psyche, uniq_prince_ribbit1
D:9:      minmay_chambers_of_sixes, layout_loops_ring,
          overflow_temple_1_default, chequers_mini_garden, lightli_wizard_tower
Temple:   minmay_temple_bridge_d

Skill      XL: |  1  2  3  4  5  6  7  8  9 10 |
---------------+-------------------------------+-----
Fighting       | 4 5 7 9 10 | 10.3
Armour         | 4 5 |  5.4
Ranged Weapons | 3 4 5 7 9 11 12 | 12.6
Shields        | 4 5 |  5.4
Dodging        | 1 |  1.0
Long Blades    | 3 4 5 6 |  6.5
Invocations    | 2 |  2.0

Action                   |  1- 3 |  4- 6 |  7- 9 | 10-12 || total
-------------------------+-------+-------+-------+-------++-------
Melee: Long sword        |    15 |    93 |   176 |       ||   284
       Headbutt          |     3 |    11 |    35 |    16 ||    65
       Scimitar          |       |       |     5 |    57 ||    62
       Unarmed           |       |       |       |     7 ||     7
 Fire: Sling             |   100 |   244 |   385 |   134 ||   863
Invok: Heroism           |       |       |     3 |     3 ||     6
Evoke: Wand              |       |       |       |     1 ||     1
  Use: Scroll            |       |     7 |     7 |     2 ||    16
       Potion            |       |     3 |     1 |     1 ||     5
Armor: Scale mail        |    24 |   119 |     8 |       ||   151
       Skin              |       |     7 |       |     2 ||     9
       Chain mail        |       |       |   204 |    62 ||   266
Dodge: Dodged            |    41 |   127 |   126 |    53 ||   347
Block: Buckler           |    13 |   157 |   241 |    59 ||   470
       Reflection        |       |     6 |     9 |     5 ||    20
       Kite shield       |       |       |       |    45 ||    45

Table legend: (Time is in decaauts)
 A = Elapsed time spent in this place.
 B = Non-inter-level travel time spent in this place.
 C = Inter-level travel time spent in this place.
 D = Time resting spent in this place.
 E = Time spent auto-exploring this place.
 F = Levels seen in this place.
 G = Mean time per level.
                   A        B        C        D        E       F      G
               +--------+--------+--------+--------+--------+-----+--------+
         Total |  12748 |  12436 |    312 |   1431 |   8452 |  11 | 1158.9 |
       Dungeon |  11410 |  11128 |    282 |   1277 |   7606 |   9 | 1267.8 |
        Temple |    282 |    252 |     30 |      0 |    238 |   1 |  282.0 |
         Sewer |   1054 |   1054 |      0 |    154 |    607 |   1 | 1054.0 |
               +--------+--------+--------+--------+--------+-----+--------+

Top non-repeatable levels by time:
     D:8: 2011 daAuts
     D:5: 1599 daAuts
     D:9: 1479 daAuts
     D:4: 1294 daAuts
     D:7: 1279 daAuts
     D:6: 1153 daAuts
   Sewer: 1054 daAuts
     D:3: 975 daAuts
     D:1: 910 daAuts
     D:2: 706 daAuts
  Temple: 282 daAuts
